| TOP OF THE 1ST |
|
Phoenix Giants batting - Pitching for Spokane Indians : LHP Alberto Argueta
|
|
Pitching: LHP Alberto Argueta
|
|
|
Batting: LHB Bobby V Mitchell
|
0-0: Ball 1-0: Ball 2-0: Ball 3-0: Called Strike 3-1: Foul Ball, location: 2F 3-2: Foul Ball, location: 2F 3-2: Foul Ball, location: 2F 3-2: SINGLE (Line Drive, 7LS, EV 96.9 MPH)
|
|
Batting: LHB Raymond Rivas
|
0-0: Called Strike 0-1: Ball 1-1: Swinging Strike 1-2: Strikes out looking
|
|
Batting: LHB Ernie Riles
|
0-0: Foul Ball, location: 2F 0-1: Ball 1-1: Fly out, F1 (Line Drive, P, EV 65.0 MPH)
|
|
Batting: SHB John Macauley
|
0-0: Called Strike 0-1: Ball 1-1: Ball 2-1: Fly out, F7 (Flyball, 7, EV 74.4 MPH)
|
| Top of the 1st over - 0 runs, 1 hit, 0 errors, 1 left on base; Phoenix 0 - Spokane 0 |
| BOTTOM OF THE 1ST |
|
Spokane Indians batting - Pitching for Phoenix Giants : RHP Carlos Rodriguez
|
|
Pitching: RHP Carlos Rodriguez
|
|
|
Batting: SHB Jose Oquendo
|
0-0: Ball 1-0: Ball 2-0: Foul Ball, location: 2F 2-1: Foul Ball, location: 2F 2-2: Foul Ball, location: 2F 2-2: Ball 3-2: Foul Ball, location: 2F 3-2: Foul Ball, location: 2F 3-2: Ground out 5-3 (Groundball, 5L, EV 86.3 MPH)
|
|
Batting: LHB Stu Pederson
|
0-0: Called Strike 0-1: Ball 1-1: Ball 2-1: Called Strike 2-2: Ground out U3 (Groundball, 3, EV 86.3 MPH)
|
|
Batting: LHB Darren Daulton
|
0-0: Ball 1-0: Ground out 6-3 (Groundball, 56, EV 106.3 MPH)
|
| Bottom of the 1st over - 0 runs, 0 hits, 0 errors, 0 left on base; Phoenix 0 - Spokane 0 |
| TOP OF THE 2ND |
|
Phoenix Giants batting - Pitching for Spokane Indians : LHP Alberto Argueta
|
|
Batting: RHB Paul Zuvella
|
0-0: Ball 1-0: Ball 2-0: Ball 3-0: Called Strike 3-1: Base on Balls
|
|
Batting: LHB Joseph Bruno
|
0-0: Called Strike 0-1: Ball 1-1: Ball 2-1: Swinging Strike 2-2: SINGLE (Groundball, 4M, EV 105.0 MPH) (infield hit) Paul Zuvella to second
|
|
Batting: RHB Adam Veldman
|
0-0: Called Strike 0-1: Ball 1-1: Foul Ball, location: 2F 1-2: Ball 2-2: Fly out, F7 (Line Drive, 7, EV 89.4 MPH)
|
|
Batting: SHB Razor Shines
|
0-0: Ball 1-0: Called Strike 1-1: Ball 2-1: DOUBLE (Line Drive, 89D, EV 113.1 MPH) Paul Zuvella scores Joseph Bruno to third Runner from 3rd tries for Home, SAFE, throw by RF to home
|
|
Batting: LHB Frank Gill
|
0-0: Called Strike 0-1: Ball 1-1: Ground out 5-3 (Groundball, 5, EV 81.9 MPH)
|
|
Batting: LHB Bobby V Mitchell
|
0-0: Ground out U3 (Groundball, 3, EV 108.8 MPH)
|
| Top of the 2nd over - 2 runs, 2 hits, 0 errors, 1 left on base; Phoenix 2 - Spokane 0 |
| BOTTOM OF THE 2ND |
|
Spokane Indians batting - Pitching for Phoenix Giants : RHP Carlos Rodriguez
|
|
Batting: RHB Bill Schroeder
|
0-0: Fly out, F8 (Flyball, 8RS, EV 90.6 MPH)
|
|
Batting: SHB Mark Gillaspie
|
0-0: Ball 1-0: Ball 2-0: Foul Ball, location: 2F 2-1: Ground out 4-3 (Groundball, 34, EV 101.3 MPH)
|
|
Batting: RHB Matthew Tyner
|
0-0: Called Strike 0-1: Ball 1-1: Foul Ball, location: 2F 1-2: Ball 2-2: Strikes out swinging
|
| Bottom of the 2nd over - 0 runs, 0 hits, 0 errors, 0 left on base; Phoenix 2 - Spokane 0 |
| TOP OF THE 3RD |
|
Phoenix Giants batting - Pitching for Spokane Indians : LHP Alberto Argueta
|
|
Batting: LHB Raymond Rivas
|
0-0: Called Strike 0-1: Ball 1-1: Ball 2-1: Ball 3-1: Base on Balls
|
|
Batting: LHB Ernie Riles
|
0-0: Ball 1-0: Called Strike 1-1: Called Strike 1-2: Strikes out swinging
|
|
Batting: SHB John Macauley
|
0-0: Ball Wild Pitch! Raymond Rivas to second 1-0: 2-RUN HOME RUN (Flyball, 7D, EV 91.9 MPH), Distance : 379 ft
|
|
Batting: RHB Paul Zuvella
|
0-0: Called Strike 0-1: Ball 1-1: Foul Ball, location: 2F 1-2: Ball 2-2: SINGLE (Groundball, 34D, EV 104.4 MPH)
|
|
Batting: LHB Joseph Bruno
|
0-0: DOUBLE (Flyball, 89D, EV 103.8 MPH) Paul Zuvella to third Runner from 3rd tries for Home, throw by CF and OUT! 8-4-2 Joseph Bruno to third
|
|
Batting: RHB Adam Veldman
|
0-0: Ball 1-0: Ball 2-0: Foul Ball, location: 2F 2-1: Ball Steal of home, Joseph Bruno is safe 3-1: Swinging Strike 3-2: Reached on error, E7 (Flyball, 7LM, EV 88.8 MPH)
|
|
Batting: SHB Razor Shines
|
0-0: Called Strike 0-1: Ball 1-1: Ball 2-1: Foul Ball, location: 2F 2-2: Foul Ball, location: 2F 2-2: Foul Ball, location: 2F 2-2: 2-RUN HOME RUN (Flyball, 78XD, EV 96.3 MPH), Distance : 403 ft
|
|
Batting: LHB Frank Gill
|
0-0: Fly out, F8 (Flyball, 8LS, EV 78.8 MPH)
|
| Top of the 3rd over - 5 runs, 4 hits, 1 error, 0 left on base; Phoenix 7 - Spokane 0 |
| BOTTOM OF THE 3RD |
|
Spokane Indians batting - Pitching for Phoenix Giants : RHP Carlos Rodriguez
|
|
Batting: RHB Larry Fobbs
|
0-0: Foul Ball, location: 2F 0-1: Ground out 6-3 (Groundball, 56, EV 101.3 MPH)
|
|
Batting: LHB Dave Stockstill
|
0-0: Called Strike 0-1: Foul Ball, location: 2F 0-2: Foul Ball, location: 2F 0-2: Foul Ball, location: 2F 0-2: Strikes out looking
|
|
Batting: RHB Ty Waller
|
0-0: Called Strike 0-1: Called Strike 0-2: Ball 1-2: Strikes out swinging
|
| Bottom of the 3rd over - 0 runs, 0 hits, 0 errors, 0 left on base; Phoenix 7 - Spokane 0 |
| TOP OF THE 4TH |
|
Phoenix Giants batting - Pitching for Spokane Indians : LHP Alberto Argueta
|
|
Batting: LHB Bobby V Mitchell
|
0-0: Ball 1-0: Ball 2-0: Called Strike 2-1: Called Strike 2-2: Fly out, F8 (Flyball, 78M, EV 88.1 MPH)
|
|
Batting: LHB Raymond Rivas
|
0-0: Foul Ball, location: 2F 0-1: Ball 1-1: Ball 2-1: Ball 3-1: Fly out, F7 (Flyball, 78M, EV 83.1 MPH)
|
|
Batting: LHB Ernie Riles
|
0-0: Ball 1-0: Ball 2-0: Ball 3-0: Base on Balls
|
|
Batting: SHB John Macauley
|
0-0: Called Strike 0-1: Called Strike 0-2: Foul Ball, location: 2F 0-2: Ground out 4-3 (Groundball, 4, EV 88.8 MPH)
|
| Top of the 4th over - 0 runs, 0 hits, 0 errors, 1 left on base; Phoenix 7 - Spokane 0 |
| BOTTOM OF THE 4TH |
|
Spokane Indians batting - Pitching for Phoenix Giants : RHP Carlos Rodriguez
|
|
Batting: SHB Jose Oquendo
|
0-0: Ground out 4-3 (Groundball, 34, EV 95.0 MPH)
|
|
Batting: LHB Stu Pederson
|
0-0: Ball 1-0: Foul Ball, location: 2F 1-1: Swinging Strike 1-2: Ball 2-2: Fly out, F8 (Flyball, 8LM, EV 90.0 MPH)
|
|
Batting: LHB Darren Daulton
|
0-0: Called Strike 0-1: Called Strike 0-2: Ball 1-2: SINGLE (Line Drive, 7S, EV 104.4 MPH)
|
|
Batting: RHB Bill Schroeder
|
0-0: Called Strike 0-1: Foul Ball, location: 2F 0-2: SINGLE (Groundball, 56D, EV 97.5 MPH) Darren Daulton to second
|
|
Batting: SHB Mark Gillaspie
|
0-0: Ball 1-0: Ball 2-0: Foul Ball, location: 2F 2-1: Ball 3-1: Base on Balls Darren Daulton to third Bill Schroeder to second
|
|
Batting: RHB Matthew Tyner
|
0-0: Swinging Strike 0-1: Ball 1-1: Called Strike 1-2: Ball 2-2: Ball 3-2: Ground out 5-3 (Groundball, 5, EV 110.0 MPH)
|
| Bottom of the 4th over - 0 runs, 2 hits, 0 errors, 3 left on base; Phoenix 7 - Spokane 0 |
| TOP OF THE 5TH |
|
Phoenix Giants batting - Pitching for Spokane Indians : LHP Alberto Argueta
|
|
Batting: RHB Paul Zuvella
|
0-0: Ground out 5-3 (Groundball, 25, EV 90.0 MPH)
|
|
Batting: LHB Joseph Bruno
|
0-0: Foul Ball, location: 2F 0-1: Ball 1-1: Ball 2-1: Called Strike 2-2: Foul Ball, location: 2F 2-2: Foul Ball, location: 2F 2-2: Ground out 6-3 (Groundball, P, EV 94.4 MPH)
|
|
Batting: RHB Adam Veldman
|
0-0: Foul Ball, location: 2F 0-1: Called Strike 0-2: Ground out 6-3 (Groundball, 56, EV 89.4 MPH)
|
| Top of the 5th over - 0 runs, 0 hits, 0 errors, 0 left on base; Phoenix 7 - Spokane 0 |
| BOTTOM OF THE 5TH |
|
Spokane Indians batting - Pitching for Phoenix Giants : RHP Carlos Rodriguez
|
|
Batting: RHB Larry Fobbs
|
0-0: Called Strike 0-1: Foul Ball, location: 2F 0-2: Foul Ball, location: 2F 0-2: Ball 1-2: Ball 2-2: Ball 3-2: Ground out 3-1 (Groundball, 13, EV 83.1 MPH)
|
|
Batting: LHB Dave Stockstill
|
0-0: Called Strike 0-1: Foul Ball, location: 2F 0-2: Foul Ball, location: 2F 0-2: Ball 1-2: Ball 2-2: Ground out 5-3 (Groundball, 5, EV 83.8 MPH)
|
|
Batting: RHB Ty Waller
|
0-0: Swinging Strike 0-1: Ball 1-1: Called Strike 1-2: Strikes out looking
|
| Bottom of the 5th over - 0 runs, 0 hits, 0 errors, 0 left on base; Phoenix 7 - Spokane 0 |
| TOP OF THE 6TH |
|
Phoenix Giants batting - Pitching for Spokane Indians : LHP Alberto Argueta
|
|
Pitching: RHP Ronald Luongo
|
|
|
Batting: SHB Razor Shines
|
0-0: Called Strike 0-1: Ball 1-1: Ball 2-1: Ball 3-1: Fly out, F6 (Flyball, 6D, EV 90.6 MPH)
|
|
Batting: LHB Frank Gill
|
0-0: Ball 1-0: Ball 2-0: Ground out 3-1 (Groundball, 13, EV 91.3 MPH)
|
|
Batting: LHB Bobby V Mitchell
|
0-0: Ball 1-0: Called Strike 1-1: Ground out 6-3 (Groundball, 6, EV 93.1 MPH)
|
| Top of the 6th over - 0 runs, 0 hits, 0 errors, 0 left on base; Phoenix 7 - Spokane 0 |
| BOTTOM OF THE 6TH |
|
Spokane Indians batting - Pitching for Phoenix Giants : RHP Carlos Rodriguez
|
|
Batting: SHB Jose Oquendo
|
0-0: Ball 1-0: Foul Ball, location: 2F 1-1: Ball 2-1: Ground out U3 (Groundball, 3L, EV 85.6 MPH)
|
|
Batting: LHB Stu Pederson
|
0-0: Ball 1-0: Swinging Strike 1-1: Ball 2-1: Ball 3-1: Called Strike 3-2: Foul Ball, location: 2F 3-2: Base on Balls
|
|
Batting: LHB Darren Daulton
|
0-0: Foul Ball, location: 2F 0-1: Foul Ball, location: 2F 0-2: Ball 1-2: Strikes out swinging
|
|
Batting: RHB Bill Schroeder
|
0-0: Ball 1-0: Called Strike 1-1: Ball 2-1: Ball 3-1: Foul Ball, location: 2F 3-2: SINGLE (Groundball, 56D, EV 102.5 MPH) Stu Pederson to second Stu Pederson to third
|
|
Batting: SHB Mark Gillaspie
|
0-0: Foul Ball, location: 2F 0-1: Called Strike 0-2: Ball 1-2: Ball 2-2: 3-RUN HOME RUN (Line Drive, 9D, EV 97.5 MPH), Distance : 388 ft
|
|
Batting: RHB Matthew Tyner
|
0-0: Called Strike 0-1: Foul Ball, location: 2F 0-2: Ball 1-2: TRIPLE (Flyball, 78XD, EV 113.1 MPH)
|
|
Pitching: RHP Pete Ladd
|
|
|
Batting: RHB Larry Fobbs
|
0-0: Ball 1-0: Ground out 5-3 (Groundball, 56S, EV 88.1 MPH)
|
| Bottom of the 6th over - 3 runs, 3 hits, 0 errors, 1 left on base; Phoenix 7 - Spokane 3 |
| TOP OF THE 7TH |
|
Phoenix Giants batting - Pitching for Spokane Indians : RHP Ronald Luongo
|
|
Batting: LHB Raymond Rivas
|
0-0: Ball 1-0: Foul Ball, location: 2F 1-1: Ball 2-1: Ball 3-1: Base on Balls
|
|
Batting: LHB Ernie Riles
|
0-0: Foul Ball, location: 2F 0-1: Ball 1-1: Foul Ball, location: 2F 1-2: Ball 2-2: Ball 3-2: Base on Balls Raymond Rivas to second
|
|
Batting: SHB John Macauley
|
0-0: Ball 1-0: DOUBLE (Groundball, 3L, EV 103.8 MPH) Raymond Rivas scores Ernie Riles to third
|
|
Batting: RHB Paul Zuvella
|
0-0: Called Strike 0-1: Foul Ball, location: 2F 0-2: Foul Ball, location: 2F 0-2: Ground out U3 (Groundball, 3L, EV 78.8 MPH)
|
|
Batting: LHB Joseph Bruno
|
0-0: Foul Ball, location: 2F 0-1: Foul Ball, location: 2F 0-2: Fly out, F8 (Line Drive, 8LD, EV 94.4 MPH) Runner from 3rd tags up, SCORES, no throw by CF
|
|
Batting: RHB Adam Veldman
|
0-0: Ground out 6-3 (Groundball, 6, EV 77.5 MPH)
|
| Top of the 7th over - 2 runs, 1 hit, 0 errors, 1 left on base; Phoenix 9 - Spokane 3 |
| BOTTOM OF THE 7TH |
|
Spokane Indians batting - Pitching for Phoenix Giants : RHP Pete Ladd
|
|
Batting: LHB Dave Stockstill
|
0-0: Ground out U3 (Groundball, 3, EV 91.3 MPH)
|
|
Batting: RHB Ty Waller
|
0-0: Ball 1-0: Called Strike 1-1: Foul Ball, location: 2F 1-2: Strikes out swinging
|
|
Batting: SHB Jose Oquendo
|
0-0: Called Strike 0-1: Foul Ball, location: 2F 0-2: Strikes out swinging
|
| Bottom of the 7th over - 0 runs, 0 hits, 0 errors, 0 left on base; Phoenix 9 - Spokane 3 |
| TOP OF THE 8TH |
|
Phoenix Giants batting - Pitching for Spokane Indians : RHP Ronald Luongo
|
|
Batting: SHB Razor Shines
|
0-0: Ball 1-0: Ground out 5-3 (Groundball, 5, EV 107.5 MPH)
|
|
Batting: LHB Frank Gill
|
0-0: Fly out, F8 (Flyball, 8RM, EV 75.0 MPH)
|
|
Batting: LHB Bobby V Mitchell
|
0-0: Called Strike 0-1: Ball 1-1: Ball 2-1: Swinging Strike 2-2: Strikes out swinging
|
| Top of the 8th over - 0 runs, 0 hits, 0 errors, 0 left on base; Phoenix 9 - Spokane 3 |
| BOTTOM OF THE 8TH |
|
Spokane Indians batting - Pitching for Phoenix Giants : RHP Pete Ladd
|
|
Batting: LHB Stu Pederson
|
0-0: Called Strike 0-1: SOLO HOME RUN (Flyball, 9LD, EV 105.6 MPH), Distance : 343 ft
|
|
Batting: LHB Darren Daulton
|
0-0: Ball 1-0: Foul Ball, location: 2F 1-1: Foul Ball, location: 2F 1-2: Ball 2-2: Ball 3-2: Foul Ball, location: 2F 3-2: Base on Balls
|
|
Batting: RHB Bill Schroeder
|
0-0: Grounds into double play, 5-4-3 (Groundball, 5, EV 98.8 MPH)
|
|
Batting: SHB Mark Gillaspie
|
0-0: Ball 1-0: Called Strike 1-1: Foul Ball, location: 2F 1-2: Ball 2-2: Ground out 4-3 (Groundball, 13, EV 90.6 MPH)
|
| Bottom of the 8th over - 1 run, 1 hit, 0 errors, 0 left on base; Phoenix 9 - Spokane 4 |
| TOP OF THE 9TH |
|
Phoenix Giants batting - Pitching for Spokane Indians : RHP Ronald Luongo
|
|
Batting: LHB Raymond Rivas
|
0-0: Ball 1-0: Ground out 5-3 (Groundball, 56S, EV 90.0 MPH)
|
|
Batting: LHB Ernie Riles
|
0-0: Ball 1-0: Foul Ball, location: 2F 1-1: Ball 2-1: Foul Ball, location: 2F 2-2: Foul Ball, location: 2F 2-2: SINGLE (Groundball, 6D, EV 111.9 MPH)
|
|
Batting: SHB John Macauley
|
0-0: Foul Ball, location: 2F 0-1: Foul Ball, location: 2F 0-2: Ball 1-2: Fielders Choice at 2nd, 5-4 (Groundball, 5L, EV 85.0 MPH)
|
|
Batting: RHB Paul Zuvella
|
0-0: Ball John Macauley steals 2nd base 1-0: Foul Ball, location: 2F 1-1: Ball 2-1: Ball 3-1: Base on Balls
|
|
Batting: LHB Joseph Bruno
|
0-0: Ball 1-0: Foul Ball, location: 2F 1-1: Swinging Strike 1-2: Foul Ball, location: 2F 1-2: Ground out 4-3 (Groundball, 4, EV 102.5 MPH)
|
| Top of the 9th over - 0 runs, 1 hit, 0 errors, 2 left on base; Phoenix 9 - Spokane 4 |
| BOTTOM OF THE 9TH |
|
Spokane Indians batting - Pitching for Phoenix Giants : RHP Pete Ladd
|
|
Batting: RHB Matthew Tyner
|
0-0: Ball 1-0: Foul Ball, location: 2F 1-1: Ball 2-1: Swinging Strike 2-2: Strikes out swinging
|
|
Batting: RHB Larry Fobbs
|
0-0: Called Strike 0-1: Ball 1-1: Ball 2-1: Ball 3-1: Base on Balls
|
|
Pitching: RHP Terry Cornutt
|
|
|
Batting: LHB Dave Stockstill
|
0-0: Ball 1-0: Ball 2-0: Ball 3-0: Base on Balls Larry Fobbs to second
|
|
Batting: RHB Ty Waller
|
0-0: Ball 1-0: Ball 2-0: Called Strike 2-1: Called Strike 2-2: Strikes out swinging
|
|
Batting: SHB Jose Oquendo
|
0-0: Called Strike 0-1: Foul Ball, location: 2F 0-2: Ball 1-2: Ball 2-2: Ground out 6-3 (Groundball, 6M, EV 84.4 MPH)
|
| Bottom of the 9th over - 0 runs, 0 hits, 0 errors, 2 left on base; Phoenix 9 - Spokane 4 |
|